 Dungeon Crawl Stone Soup version 0.28.0-45-g0d030f2227 (webtiles) character file.

Game seed: 11751655326603583349

1147 seaoflcl the Slasher (level 8, 0/61 HPs)
             Began as a Human Fighter on Apr 11, 2022.
             Was an Initiate of Ru.
             Slain by a wraith (5 damage)
             ... on level 6 of the Dungeon.
             The game lasted 00:09:38 (6183 turns).

seaoflcl the Slasher (Human Fighter)                Turns: 6183, Time: 00:09:38

Health: 0/61       AC: 15    Str: 19    XL:     8   Next: 64%
Magic:  11/11      EV:  6    Int:  8    God:    Ru [......]
Gold:   130        SH:  5    Dex: 13    Spells: 11/11 levels left

rFire   . . .      SeeInvis .   d - +3 dagger
rCold   + . .      Faith    +   c - +0 buckler
rNeg    . . .      Spirit   .   r - +0 plate armour
rPois   +          Reflect  .   (no helmet)
rElec   .          Harm     .   (no cloak)
rCorr   .          Rampage  .   (no gloves)
Will    .....                   s - +2 pair of boots
Stlth   ..........              f - amulet of faith
HPRegen 0.20/turn               j - ring of poison resistance
MPRegen 0.12/turn               e - ring of protection from cold

@: brilliant, slowed, very slow
A: no striking features
a: Renounce Religion


You were on level 6 of the Dungeon.
You worshipped Ru.
Ru was noncommittal.
You visited 2 branches of the dungeon, and saw 8 of its levels.

You collected 156 gold pieces.
You spent 26 gold pieces at shops.

Inventory:

Hand Weapons
 a - a +0 long sword
 d - a +3 dagger (weapon)
Missiles
 b - 35 sling bullets
Armour
 c - a +0 buckler (worn)
 r - a +0 plate armour (worn)
 s - a +2 pair of boots (worn)
Jewellery
 e - a ring of protection from cold (right hand)
 f - an amulet of faith (around neck)
 j - a ring of poison resistance (left hand)
Scrolls
 g - a scroll of blinking {unknown}
 h - 3 scrolls of teleportation {unknown}
 k - 2 scrolls of fog {unknown}
 n - a scroll of enchant armour {unknown}
 o - a scroll of torment {unknown}
 q - a scroll of magic mapping {unknown}
Potions
 i - a potion of magic
 m - 4 potions of attraction


   Skills:
 + Level 4.9 Fighting
 + Level 4.5(6.0) Short Blades
 + Level 6.2(6.9) Long Blades
 + Level 5.6 Armour
 + Level 2.9 Dodging
 + Level 2.5 Stealth
 + Level 4.4 Shields
 + Level 2.0 Spellcasting
 + Level 2.2 Conjurations
 + Level 2.2 Hexes
 + Level 2.3 Summonings
 + Level 2.2 Necromancy
 + Level 2.2 Translocations
 + Level 2.2 Transmutations
 + Level 2.2 Fire Magic
 + Level 2.2 Ice Magic
 + Level 2.2 Air Magic
 + Level 2.2 Earth Magic
 + Level 2.2 Poison Magic
 + Level 2.4 Invocations
 + Level 2.9 Evocations


You had 11 spell levels left.
You didn't know any spells.
Your spell library contained the following spells:

 Spells                   Type           Power      Damage    Failure   Level
 Foxfire                  Conj/Fire      24%        2x1d5     99%         1
 Conjure Flame            Conj/Fire      6%         6-21      100%        3
 Inner Flame              Hex/Fire       6%         N/A       100%        3
 Flame Wave               Conj/Fire      6%         2d5       100%        4


Dungeon Overview and Level Annotations

Branches:
Dungeon (7/15)             Temple (1/1) D:5

Altars:
Ashenzari
Cheibriados
Elyvilon
Fedhas
Makhleb
Okawaru
Qazlal
Ru
Trog
Uskayaw
Vehumet
Wu Jian
Xom
Yredelemnul

Shops:
D:4 [   D:5 ?

Annotations:
D:5 3 runed translucent doors, Kazon's ghost, novice HOFi


Message History

The wraith hits you.
* * * LOW HITPOINT WARNING * * *
The wraith drains your vigour!
You feel yourself slow down. The wraith hits you but does no damage.
You block the wraith's attack. The wraith hits you.
* * * LOW HITPOINT WARNING * * *
The wraith drains your vigour!
You feel as though you will be slow longer.
The wraith hits you.
* * * LOW HITPOINT WARNING * * *
The wraith drains your vigour!
You feel as though you will be slow longer.
The wraith hits you but does no damage.
The wraith hits you but does no damage. x2
The wraith hits you!
* * * LOW HITPOINT WARNING * * *
The wraith drains your vigour!
You feel as though you will be slow longer.
The wraith hits you but does no damage. The wraith hits you.
* * * LOW HITPOINT WARNING * * *
The wraith drains your vigour!
You feel as though you will be slow longer.
Okay, then.
Okay, then.
You closely miss the wraith. The wraith hits you but does no damage.
You feel clever all of a sudden. The wraith barely misses you.
You don't know any spells.
You don't know any spells.
e - a ring of protection from cold (right hand)
The wraith closely misses you.
You barely miss the wraith. The wraith hits you but does no damage.
You hit the wraith but do no damage. The wraith hits you.
* * * LOW HITPOINT WARNING * * *
The wraith drains your vigour!
You feel as though you will be slow longer.
The wraith hits you.
You die...

#.....# #.....#
######### #.....#
#.......# #.....#
#.......# #.....#
#....<..# #.....#
##..##.#####.....#
## ##.##..#..W..#
#......#..@..#
#......#.....#
#......#.....#
#......#.....#
#......'.....#
##....##.....#
#.... #....#.....##
#.....+.....#.....#
#.....#.....#.....#


You could see a wraith.

Vanquished Creatures
  A sky beast (D:5)
  A phantom (D:5)
  A kobold brigand (D:4)
  A scorpion (D:5)
  A jelly (D:5)
  2 hounds
  A centaur skeleton (D:4)
  Jessica (D:2)
  An orc wizard (D:3)
  3 iguanas
  A hound skeleton (D:5)
  6 adders
  A white imp (D:5)
  An ufetubus (D:5)
  An adder skeleton (D:4)
  4 worms
  A dart slug (D:3)
  13 orcs
  5 ball pythons
  5 bats
  8 endoplasms
  5 giant cockroaches
  6 goblins
  A hobgoblin (D:1)
  7 jackals (D:1)
  4 quokkas
  5 frilled lizards
  6 kobolds
  4 rats
97 creatures vanquished.

Vanquished Creatures (others)
  An endoplasm (D:1)
1 creature vanquished.

Grand Total: 98 creatures vanquished

Notes
Turn   | Place    | Note
-------+----------+-------------------------------------------
     0 | D:1      | seaoflcl the Human Fighter began the quest for the Orb.
     0 | D:1      | Reached XP level 1. HP: 18/18 MP: 1/1
   120 | D:1      | Found a faded altar of an unknown god.
   136 | D:1      | Reached XP level 2. HP: 7/24 MP: 2/2
   777 | D:1      | Reached XP level 3. HP: 17/29 MP: 3/3
  1763 | D:2      | Reached XP level 4. HP: 35/35 MP: 4/4
  1882 | D:2      | Found a stormy altar of Qazlal.
  1967 | D:2      | Noticed Jessica
  1973 | D:2      | Killed Jessica
  1974 | D:2      | Reached skill level 3 in Long Blades
  2386 | D:3      | Reached XP level 5. HP: 37/41 MP: 5/5
  2435 | D:3      | Found a burning altar of Makhleb.
  2767 | D:3      | Noticed a +0 hand axe
  2768 | D:3      | Noticed a +0 hand axe
  2773 | D:3      | Found a hide-covered altar of Uskayaw.
  3318 | D:4      | Reached skill level 4 in Long Blades
  3361 | D:4      | Reached XP level 6. HP: 30/48 MP: 6/6
  3535 | D:4      | Found Plog's Antique Armour Emporium.
  3712 | D:4      | Reached skill level 1 in Dodging
  3828 | D:4      | Reached skill level 1 in Short Blades
  4372 | D:4      | Reached XP level 7. HP: 48/53 MP: 7/7
  4457 | D:5      | Entered Level 5 of the Dungeon
  4489 | D:5      | Found Tojov's Magic Scroll Boutique.
  4501 | D:5      | Bought a scroll of identify for 26 gold pieces
  4820 | D:5      | Reached skill level 6 in Long Blades
  4820 | D:5      | Reached skill level 5 in Armour
  4820 | D:5      | Reached XP level 8. HP: 61/61 MP: 7/11
  4860 | D:5      | Found a runed translucent gate.
  4860 | D:5      | Found a runed translucent gate.
  4860 | D:5      | Found a runed translucent gate.
  4896 | D:5      | Found a broken altar of Ashenzari.
  4897 | D:5      | Found a staircase to the Ecumenical Temple.
  5215 | Temple   | Entered the Ecumenical Temple
  5328 | Temple   | Became a worshipper of Ru the Awakened
  5767 | D:5      | Noticed Kazon's ghost (novice HOFi)
  6107 | D:6      | Noticed a wraith
  6183 | D:6      | Slain by a wraith

Illustrated notes

Levels and vault maps discovered:
D:1:      scummos_arrival_simple_fountains, layout_basic,
          basic_ecumenical_altar, lemuel_old_faithful
D:2:      layout_rooms, basic_altar, uniq_jessica
D:3:      layout_loops_ring, dancing_weapons_uskayaw,
          mainiacjoe_overflow_24_doors
D:4:      layout_basic, serial_shops, shop
D:5:      layout_gridville, mainiacjoe_overflow_chevrons,
          minmay_temple_entry_grid, serial_shops, nicolae_shop_waterfront,
          gammafunk_ghost_icy, serial_park_tiny_2, roderic_serpentine_path
D:6:      layout_gridville
D:7:      minmay_the_grid_triangle_9x9_recursive_2
          [minmay_the_grid_triangle_9x9_prize_special,
          minmay_the_grid_triangle_9x9_subtriangle,
          minmay_the_grid_triangle_9x9_stretched_checkered,
          minmay_the_grid_triangle_9x9_dagger], layout_loops_ring
Temple:   minmay_temple_curvy_loop

Skill      XL: |  1  2  3  4  5  6  7 |
---------------+----------------------+-----
Long Blades    | 3 4 6 |  6.2
Dodging        | 1 2 |  2.9
Short Blades   | 2 4 |  4.5
Armour         | 4 5 |  5.6
Fighting       | 4 |  4.9
Stealth        | 2 |  2.5
Shields        | 4 |  4.4
Spellcasting   | 2 |  2.0
Conjurations   | 2 |  2.2
Hexes          | 2 |  2.2
Summonings     | 2 |  2.3
Necromancy     | 2 |  2.2
Translocations | 2 |  2.2
Transmutations | 2 |  2.2
Fire Magic     | 2 |  2.2
Ice Magic      | 2 |  2.2
Air Magic      | 2 |  2.2
Earth Magic    | 2 |  2.2
Poison Magic   | 2 |  2.2
Invocations    | 2 |  2.4
Evocations     | 2 |  2.9

Action                   |  1- 3 |  4- 6 |  7- 9 || total
-------------------------+-------+-------+-------++-------
Melee: Long sword        |    84 |   101 |       ||   185
       Dagger            |       |   126 |   195 ||   321
  Use: Scroll            |     2 |       |     4 ||     6
       Potion            |     1 |     2 |     3 ||     6
Armor: Scale mail        |    50 |     6 |       ||    56
       Plate armour      |       |    98 |   111 ||   209
Dodge: Dodged            |    55 |    43 |    49 ||   147
Block: Buckler           |    27 |    51 |    24 ||   102
